 Dungeon Crawl Stone Soup version 0.30-a0-172-gc5509c9e31 (webtiles) character file.

Game seed: 3012571367837472594

194237 qw the Peltast (level 18, -17/123 HPs)
             Began as a Gargoyle Fighter on Oct 1, 2022.
             Was a High Priest of Okawaru.
             Demolished by a vault warden
             ... wielding a +0 halberd
              (38 damage)
             ... on level 1 of the Vaults.
             The game lasted 00:16:32 (28202 turns).

qw the Peltast (Gargoyle Fighter)                  Turns: 28202, Time: 00:16:32

Health: -17/123    AC: 50    Str: 21 (22) XL:     18   Next: 29%
Magic:  25/25      EV: 15    Int: 16 (17) God:    Okawaru [*****.]
Gold:   610        SH: 22    Dex: 10      Spells: 17/17 levels left

rFire   + + .      SeeInvis .    f - +11 hand axe "Ogre's Nightmare" {vamp, Int+5 Dex-2}
rCold   + . .      Faith    .    b - +0 tower shield
rNeg    + . .      Spirit   .    J - +5 chain mail "Langokoy" {Regen+ Int+2}
rPois   inf        Reflect  .    D - +1 helmet of the Cooper {Will+ Int+4}
rElec   +          Harm     .    A - scarf {rC+ rF+}
rCorr   .          Rampage  .    F - +2 pair of gloves {Dex+3}
Will    ++...                    H - +5 pair of boots of Heda {rF+ Regen+ Int-5}
Stlth   ..........               i - amulet of regeneration
HPRegen 2.80/turn                q - +4 ring of protection
MPRegen 0.19/turn                t - +4 ring of evasion

@: about to teleport, heroic, frozen, flying, unable to drink, very slow
A: sickness immunity, AC +13, big wings, negative energy resistance 1,
electricity resistance, torment resistance 1, petrification resistance, hooves
1, deterioration 1, weak 2, inability to drink after injury 1
}: 1/15 runes: barnacled
a: Renounce Religion, Heroism, Finesse, Duel


You were on level 1 of the Vaults.
You worshipped Okawaru.
Okawaru was extremely pleased with you.
You visited 7 branches of the dungeon, and saw 31 of its levels.
You visited the Abyss 1 time.

You collected 2992 gold pieces.
You spent 2382 gold pieces at shops.


Innate Abilities, Weirdness & Mutations

You are immune to sickness and miasma.
Your stone body is resilient. (AC +13)
You are immune to poison.
Your large and strong wings let you fly.
You resist negative energy. (rN+)
You are resistant to electric shocks. (rElec)
You are resistant to unholy torment.
You are immune to petrification.
You have large cloven feet.
Your body sometimes deteriorates upon taking damage.
You are very weak. (Str -4)
You occasionally lose the ability to drink potions when taking damage.


   Skills:
 - Level 17.0(22.0) Fighting
 - Level 14.0(19.0) Axes
 - Level 9.0(14.0) Throwing
 + Level 13.5(18.5) Armour
 - Level 4.0(9.0) Dodging
 - Level 19.0(24.0) Shields
 - Level 10.0 Invocations


You had 17 spell levels left.
You didn't know any spells.
Your spell library was empty.

Inventory:

Hand Weapons
 f - the +11 hand axe "Ogre's Nightmare" (weapon) {vamp, Int+5 Dex-2}
   (You found it on level 6 of the Dungeon)

   It occasionally heals its wielder for a portion of the damage dealt when it
   wounds a living foe.
   Int:       It affects your intelligence (+5).
   Dex:       It affects your dexterity (-2).
 h - a +0 broad axe
Missiles
 a - 26 boomerangs
 v - 9 javelins
 w - a silver boomerang
 L - 2 silver javelins (quivered)
Armour
 b - a +0 tower shield (worn)
 m - a +4 chain mail of fire resistance
 o - the +1 leather armour of Goqysk {Fly rC+ rCorr}
   (You found it on level 3 of the Dungeon)

   rC:        It protects you from cold.
   Fly:       It grants you flight.
   rCorr:     It protects you from acid and corrosion.
 A - a scarf of resistance (worn)
 B - +0 acid dragon scales
 D - the +1 helmet of the Cooper (worn) {Will+ Int+4}
   (Okawaru gifted it to you on level 11 of the Dungeon)

   Int:       It affects your intelligence (+4).
   Will:      It increases your willpower.
 E - a +0 cloak
 F - a +2 pair of gloves of dexterity (worn)
 H - the +5 pair of boots of Heda (worn) {rF+ Regen+ Int-5}
   (Okawaru gifted it to you on level 15 of the Dungeon)

   Int:       It affects your intelligence (-5).
   rF:        It protects you from fire.
   Regen:     It increases your rate of health regeneration.
 J - the +5 chain mail "Langokoy" (worn) {Regen+ Int+2}
   (You found it on level 2 of the Spider Nest)

   Int:       It affects your intelligence (+2).
   Regen:     It increases your rate of health regeneration.
Jewellery
 c - the ring "Libiwk" {rC+ Int+3 Dex+2}
   (You found it on level 3 of the Dungeon)

   [ring of protection from cold]

   Int:       It affects your intelligence (+3).
   Dex:       It affects your dexterity (+2).
   rC:        It protects you from cold.
 i - an amulet of regeneration (around neck)
 q - a +4 ring of protection (left hand)
 t - a +4 ring of evasion (right hand)
 x - a ring of fire
 y - a ring of fire
 z - a ring of resist corrosion
 G - a ring of protection from cold
 I - a ring of resist corrosion
Scrolls
 j - 17 scrolls of identify
 k - 6 scrolls of teleportation
 u - a scroll of enchant weapon
 K - a scroll of brand weapon
 M - 2 scrolls of enchant armour
Potions
 d - 3 potions of might
 e - 8 potions of curing
 g - 2 potions of lignification
 l - 8 potions of haste
 n - 2 potions of attraction
 p - 2 potions of heal wounds
 r - 5 potions of magic
 s - 3 potions of cancellation
 C - 4 potions of resistance

Dungeon Overview and Level Annotations

Branches:
Dungeon (15/15)            Temple (1/1) D:5            Lair (5/5) D:8
 Shoals (4/4) Lair:2       Spider (3/4) Lair:3        Slime (0/5) Lair:5
    Orc (2/2) D:11            Elf (0/3) Orc:2        Vaults (1/5) D:14
 Depths (0/4) D:15

Altars:
Ashenzari
Cheibriados
Dithmenos
Elyvilon
Fedhas
Gozag
Hepliaklqana
Kikubaaqudgha
Makhleb
Nemelex Xobeh
Okawaru
Qazlal
Ru
Sif Muna
Trog
Uskayaw
Vehumet
Wu Jian
Xom
Yredelemnul
Zin
The Shining One

Shops:
D:2 =   D:8 *   D:11 ([   D:14 :   Orc:1 (   Orc:2 :?=*=   Shoals:2 =
Shoals:3 *

Annotations:
D:2 1 runed translucent door, Crazy Yiuf
D:14 3 runed translucent doors, Kilet's ghost, adept GrEE
D:15 3 runed translucent doors, Gosau's ghost, journeyman DsGl
Lair:5 2 runed translucent doors
Spider:1 2 runed translucent doors, robotcentaur's ghost, adept TeNe
Spider:2 3 runed translucent doors, qw's ghost, adept GrFi
Orc:1 2 transporters


Message History

You closely miss the deep troll. You slash the deep troll!
You feel better.
The yaktaur shoots a bolt.
You block the bolt.
You hit the deep troll but do no damage.
The deep troll is severely wounded.
You slash the ironbound frostheart!
You feel better.
You hit the deep troll but do no damage.
You block the deep troll's attack. The deep troll closely misses you.
You block the deep troll's attack. The ironbound frostheart misses you.
You block the deep troll's attack. x2
The deep troll claws you but does no damage.
The vault warden hits you from afar with a +0 halberd!
The yaktaur shoots a bolt.
The bolt hits you!!
Your body deteriorates!
You feel dopey.
You hit the deep troll.
The deep troll is almost dead.
You barely miss the ironbound frostheart.
You hit the ironbound frostheart. You slash the deep troll!
You feel better.
The ironbound frostheart calls freezing cold from the walls.
The frost grips you. You partially resist.
The vault sentinel blows a loud note on a signal horn!
You block the ironbound frostheart's attack.
You block the deep troll's attack. x2
The deep troll claws you but does no damage.
The deep troll bites you but does no damage.
The deep troll claws you but does no damage.
You block the deep troll's attack.
The vault warden hits you from afar with a +0 halberd!!!
You feel threatened and lose the ability to drink potions!
28202 ||| READING 7 scrolls of teleportation.
As you read the scroll of teleportation, it crumbles to dust.
You feel strangely unstable.
You block the ironbound frostheart's attack. x2
The deep troll bites you but does no damage.
You block the deep troll's attack.
The deep troll claws you but does no damage.
The deep troll misses you.
The deep troll claws you but does no damage.
The deep troll misses you.
The vault warden hits you from afar with a +0 halberd!!!
You die...

#...........#
#.....
####........#
#.....
#........#
#[....
#........#
#.....
#........#
#.....
#####....+
#..... ####
#....# #.....
..u.. #cp..#
#.....
T....T#@.p.#
(...cpTpT..#
#######p.......
.........
..........
##########.


You could see an ironbound preserver, a vault warden (strong, sheltered), 2
ironbound frosthearts, a centaur warrior, 2 deep trolls, a vault sentinel
(catching breath) and a yaktaur.

Vanquished Creatures
  A Hell Sentinel (Abyss:3)
  2 krakens (Shoals:1)
  Kirke (Shoals:1)
  Ilsuiw (Shoals:4)
  An emperor scorpion (Spider:3)
  Louise (D:14)
  A cacodemon (Abyss:3)
  A ghost moth (Spider:1)
  2 very ugly things (Vaults:1)
  Azrael (D:14)
  8 merfolk javelineers
  8 merfolk impalers
  Josephine (Shoals:1)
  An entropy weaver (Spider:3)
  3 hydras
  2 catoblepae
  A rakshasa (Abyss:3)
  Erolcha (Orc:1)
  3 radroaches (Spider:2)
  A merfolk avatar (Shoals:2)
  A jorogumo (Spider:2)
  3 boulder beetles
  8 centaur warriors
  5 two-headed ogres
  An alligator snapping turtle (Shoals:4)
  11 merfolk aquamancers
  A naga warrior (Abyss:3)
  Erica (Lair:1)
  10 death yaks
  A death scarab (Spider:3)
  4 satyrs (Shoals:4)
  A tengu warrior (D:14)
  Sonja (D:11)
  10 skeletal warriors
  4 pharaoh ants
  A sixfirhy (Abyss:3)
  16 sea snakes
  2 deep trolls (Vaults:1)
  4 orb spiders
  2 steelbarb worms
  Pikel (D:5)
  3 ironbound convokers (Vaults:1)
  7 orc knights
  5 harpies (Shoals:3)
  A wizard (D:14)
  2 deep elf pyromancers (D:14)
  2 necromancers
  2 lindwurms
  9 wolf spiders
  16 manticores
  6 ugly things
  3 moths of wrath
  18 fauns
  A worldbinder (Abyss:3)
  4 orc sorcerers (D:15)
  15 merfolk sirens
  5 cyclopes
  A naga mage (Abyss:3)
  2 water nymphs
  A guardian serpent (Abyss:3)
  2 torpor snails
  5 black mambas
  An orange demon (Abyss:3)
  A smoke demon (Abyss:3)
  A large abomination (Abyss:3)
  3 gargoyles
  8 cane toads
  3 molten gargoyles (Lair:5)
  Maggie (D:8)
  A demonic crawler (Spider:3)
  A yaktaur (Vaults:1)
  12 komodo dragons
  2 rime drakes
  2 efreet
  2 centaur skeletons (D:15)
  2 tengu conjurers
  4 trolls
  A polar bear (shapeshifter) (D:15)
  A polar bear (Lair:2)
  23 merfolk
  10 tarantellas
  5 wind drakes
  14 blink frogs
  14 slime creatures
  Prince Ribbit (D:7)
  13 dream sheep
  A meliai zombie (D:15)
  4 raiju (Abyss:3)
  14 snapping turtles
  15 jumping spiders
  A shadow (D:11)
  A ynoxinul (D:14)
  23 water elementals
  17 culicivoras
  4 hogs (Shoals:1)
  37 yaks
  5 wraiths
  6 wyverns
  2 fire elementals (D:14)
  3 humans (Shoals:1)
  43 redbacks
  12 vampire mosquitoes
  2 basilisks
  A small abomination (Abyss:3)
  Menkaure (D:7)
  2 nagas (Abyss:3)
  4 steam dragons
  4 wargs
  An acid dragon (D:10)
  12 water moccasins
  2 ice beasts (D:6)
  5 hell hounds
  A meliai simulacrum (D:15)
  A sky beast (D:8)
  33 orc warriors
  6 black bears
  6 wolves (Lair:2)
  5 ogres
  3 lemures (D:5)
  17 centaurs
  5 phantoms
  2 necrophages (D:6)
  15 bullfrogs
  A gnoll sergeant (D:8)
  7 scorpions
  5 wights (D:7)
  6 killer bees (D:10)
  4 howler monkeys
  5 lava snakes (Lair:5)
  A quasit (Abyss:3)
  8 orc priests
  2 hounds
  3 jellies
  Ijyb (D:5)
  16 orc wizards
  3 iguanas
  12 gnolls
  6 adders
  3 white imps
  2 ufetubi
  A worm (D:2)
  2 dart slugs (D:1)
  77 orcs
  7 ball pythons
  8 endoplasms
  2 giant cockroaches (D:1)
  12 goblins
  10 hobgoblins
  6 kobolds
  4 quokkas
  5 bats
  A frilled lizard (D:2)
  2 rats
  8 tentacles (Shoals:1)
911 creatures vanquished.

Vanquished Creatures (others)
  A merfolk impaler (Shoals:4)
  A radroach (Spider:1)
  Maurice (Orc:2)
  A merfolk (Shoals:4)
  A dream sheep (Shoals:4)
  A hell hound (Lair:5)
  2 orcs (Orc:2)
  20 fungi
  61 plants
  6 tentacles (Shoals:1)
95 creatures vanquished.

Grand Total: 1006 creatures vanquished

Notes
Turn   | Place    | Note
-------+----------+-------------------------------------------
     0 | D:1      | qw the Gargoyle Fighter began the quest for the Orb.
     0 | D:1      | Reached XP level 1. HP: 14/14 MP: 1/1
     0 | D:1      | 0 ||| qw: Version: 0.2-a-13-gfc7b4b4
     0 | D:1      | 0 ||| qw: Game counter: 1815
     0 | D:1      | 0 ||| qw: Always use a shield: true
     0 | D:1      | 0 ||| qw: God list: Okawaru
     0 | D:1      | 0 ||| qw: Allow faded altars: false
     0 | D:1      | 0 ||| qw: Do Orc after D:15 true
     0 | D:1      | 0 ||| qw: Do second Lair branch before Depths: true
     0 | D:1      | 0 ||| qw: Lair rune preference: random
     0 | D:1      | 0 ||| qw: Plans: Normal, Zot:1-4, God:TSO, Crypt, Tomb,
                  | Pan, Slime:5, Hells, Abyss, Orb
     0 | D:1      | 0 ||| PLANNING D:1-11
   112 | D:1      | Reached XP level 2. HP: 17/19 MP: 2/2
   269 | D:1      | 269 ||| Stepping ~*~*~tactically~*~*~ (stealth).
   270 | D:1      | 270 ||| Stepping ~*~*~tactically~*~*~ (stealth).
   275 | D:1      | 275 ||| Stepping ~*~*~tactically~*~*~ (stealth).
   282 | D:1      | 282 ||| Stepping ~*~*~tactically~*~*~ (stealth).
   285 | D:1      | Reached skill level 3 in Axes
   290 | D:1      | Reached XP level 3. HP: 18/23 MP: 3/3
   313 | D:1      | You fall into a shaft and drop 1 floor!
   382 | D:2      | 382 ||| Stepping ~*~*~tactically~*~*~ (stealth).
   392 | D:2      | Found Vozorph's Jewellery Boutique.
   406 | D:2      | 406 ||| Stepping ~*~*~tactically~*~*~ (stealth).
   407 | D:2      | 407 ||| SHOPLISTING +4 ring of evasion (360 gold, have 39).
   407 | D:2      | 407 ||| SHOPLISTING +6 ring of dexterity (360 gold, have
                  | 39).
   407 | D:2      | 407 ||| SHOPLISTING ring of positive energy (200 gold, have
                  | 39).
   407 | D:2      | 407 ||| SHOPLISTING ring of resist corrosion (200 gold,
                  | have 39).
   446 | D:2      | 446 ||| Stepping ~*~*~tactically~*~*~ (hiding).
   556 | D:2      | Reached XP level 4. HP: 27/28 MP: 4/4
   565 | D:2      | 565 ||| UPGRADING to amulet of regeneration.
   570 | D:2      | 570 ||| READING scroll labelled WIFENT FIRCH.
   571 | D:2      | 571 ||| READING 2 scrolls labelled LIPROX CO XUL.
   575 | D:2      | 575 ||| READING scroll labelled SADIOXK ZIDIS.
   651 | D:1      | Found a faded altar of an unknown god.
   662 | D:1      | 662 ||| Stepping ~*~*~tactically~*~*~ (stealth).
   816 | D:2      | Found an ornate altar of the Wu Jian Council.
   865 | D:2      | Found a runed translucent door.
   866 | D:2      | Noticed Crazy Yiuf
  1324 | D:2      | 1324 ||| READING scroll labelled NYGAFI DEEGUCWIUH.
  1425 | D:2      | 1425 ||| READING scroll labelled PUITOI MITI.
  1445 | D:3      | 1445 ||| STAIRDANCE
  1473 | D:3      | 1473 ||| STAIRDANCE
  1618 | D:3      | Identified the +1 leather armour of Goqysk {Fly rC+ rCorr}
  1881 | D:3      | 1881 ||| DROPPING +0 mace of distortion.
  1898 | D:3      | Noticed a phantom
  1906 | D:3      | Killed a phantom
  1907 | D:3      | Reached XP level 5. HP: 32/32 MP: 5/5
  1941 | D:3      | Identified the ring "Libiwk" {rC+ Int+3 Dex+2}
  2346 | D:3      | 2346 ||| UPGRADING to +1 scale mail of positive energy.
  2356 | D:3      | 2356 ||| DROPPING +0 scale mail.
  2357 | D:3      | 2357 ||| UPGRADING to +1 leather armour of Goqysk {Fly rC+
                  | rCorr}.
  2367 | D:3      | 2367 ||| DROPPING +1 scale mail of positive energy.
  2368 | D:3      | 2368 ||| UPGRADING to +0 chain mail.
  2378 | D:3      | 2378 ||| UPGRADING to ring "Libiwk" {rC+ Int+3 Dex+2}.
  2379 | D:3      | 2379 ||| READING scroll labelled RUADU DODIW.
  2380 | D:3      | 2380 ||| READING scroll labelled XEMUTU UXTOIHE.
  2380 | D:3      | Identified a scroll of acquirement
  2380 | D:3      | 2380 ||| ACQUIRING +2 pair of gloves of hurling
  2380 | D:3      | Acquired a +2 pair of gloves of hurling
  2382 | D:3      | 2382 ||| UPGRADING to +2 pair of gloves of hurling.
  2387 | D:3      | 2387 ||| DRINKING 2 silvery potions.
  2388 | D:3      | 2388 ||| DRINKING 2 cyan potions.
  2389 | D:3      | 2389 ||| READING 2 scrolls of identify.
  2389 | D:3      | 2389 ||| IDENTIFYING sedimented white potion
  2390 | D:3      | 2390 ||| DROPPING potion of flight.
  2460 | D:4      | 2460 ||| Stepping ~*~*~tactically~*~*~ (stealth).
  2527 | D:4      | 2527 ||| DROPPING +0 mace.
  2532 | D:4      | Reached XP level 6. HP: 39/39 MP: 6/6
  2575 | D:4      | Noticed a black bear
  2580 | D:4      | Killed a black bear
  2599 | D:4      | 2599 ||| Stepping ~*~*~tactically~*~*~ (hiding).
  2773 | D:4      | Reached XP level 7. HP: 44/44 MP: 7/7
  2819 | D:4      | Reached skill level 6 in Axes
  3107 | D:4      | 3107 ||| Stepping ~*~*~tactically~*~*~ (hiding).
  3178 | D:4      | 3178 ||| UPGRADING to +0 plate armour.
  3188 | D:4      | 3188 ||| DROPPING +0 chain mail.
  3189 | D:4      | 3189 ||| UPGRADING to +4 ring of evasion.
  3190 | D:4      | 3190 ||| READING scroll labelled MAWKUI KEECAI.
  3191 | D:4      | 3191 ||| DRINKING 2 metallic puce potions.
  3292 | D:4      | 3292 ||| DROPPING potion of ambrosia.
  3351 | D:5      | Entered Level 5 of the Dungeon
  3351 | D:5      | Noticed Ijyb
  3352 | D:5      | 3352 ||| Stepping ~*~*~tactically~*~*~ (hiding).
  3353 | D:5      | 3353 ||| Stepping ~*~*~tactically~*~*~ (hiding).
  3364 | D:5      | Killed Ijyb
  3373 | D:5      | 3373 ||| Stepping ~*~*~tactically~*~*~ (stealth).
  3374 | D:5      | 3374 ||| Stepping ~*~*~tactically~*~*~ (stealth).
  3415 | D:5      | Reached XP level 8. HP: 48/48 MP: 8/8
  3490 | D:5      | Reached skill level 1 in Throwing
  3501 | D:5      | 3501 ||| Stepping ~*~*~tactically~*~*~ (stealth).
  3538 | D:5      | 3538 ||| Stepping ~*~*~tactically~*~*~ (stealth).
  3540 | D:5      | 3540 ||| Stepping ~*~*~tactically~*~*~ (stealth).
  3660 | D:5      | Reached skill level 6 in Fighting
  3661 | D:5      | Noticed Pikel
  3666 | D:5      | Paralysed by Pikel for 4 turns
  3675 | D:5      | Paralysed by Pikel for 5 turns
  3689 | D:5      | Killed Pikel
  3690 | D:5      | Reached skill level 6 in Armour
  3690 | D:5      | Reached XP level 9. HP: 19/55 MP: 9/9
  3723 | D:5      | Found a staircase to the Ecumenical Temple.
  3724 | D:5      | 3724 ||| PLANNING TEMPLE
  3724 | D:5      | 3724 ||| READING scroll labelled PEZUCH PI PIB.
  3725 | D:5      | 3725 ||| READING scroll labelled KUXKOT XUDOHI.
  3726 | D:5      | 3726 ||| DRINKING 2 fuming yellow potions.
  3727 | D:5      | 3727 ||| READING 2 scrolls of identify.
  3727 | D:5      | 3727 ||| IDENTIFYING pink potion
  3728 | D:5      | 3728 ||| DROPPING potion of degeneration.
  3735 | Temple   | Entered the Ecumenical Temple
  4051 | Temple   | 4051 ||| PLANNING D:1-11
  4126 | D:5      | Identified the -1 pair of gloves of the Fresh God {+Inv rC-
                  | Int-3 Stlth+}
  4136 | D:5      | 4136 ||| DROPPING +0 vorpal mace.
  4482 | D:5      | 4482 ||| DROPPING -1 pair of gloves of the Fresh God {+Inv
                  | rC- Int-3 Stlth+}.
  4483 | D:5      | 4483 ||| DROPPING amulet of guardian spirit.
  4770 | D:6      | Found an iron altar of Okawaru.
  4771 | D:6      | 4771 ||| PLANNING OKAWARU WORSHIP
  4781 | D:6      | Became a worshipper of Warmaster Okawaru
  4782 | D:6      | 4782 ||| PLANNING D:1-11
  4782 | D:6      | Identified the +11 hand axe "Ogre's Nightmare" {vamp, Int+5
                  | Dex-2}
  4784 | D:6      | 4784 ||| SWAPPING to +11 hand axe "Ogre's Nightmare" {vamp,
                  | Int+5 Dex-2}.
  4786 | D:6      | Identified the +9 falchion "Lat Ilua" {speed, Str+2 Int+3
                  | Stlth+}
  4829 | D:6      | Found an ancient bone altar of Kikubaaqudgha.
  4830 | D:6      | Found a bloodstained altar of Trog.
  4892 | D:6      | 4892 ||| DROPPING +0 flail.
  5021 | D:6      | Reached skill level 9 in Axes
  5057 | D:6      | 5057 ||| Stepping ~*~*~tactically~*~*~ (hiding).
  5061 | D:6      | Reached skill level 4 in Shields
  5192 | D:6      | 5192 ||| Stepping ~*~*~tactically~*~*~ (stealth).
  5237 | D:6      | Reached * piety under Okawaru
  5386 | D:6      | Found Ling's CLEARANCE SALE!.
  5513 | D:7      | 5513 ||| Stepping ~*~*~tactically~*~*~ (stealth).
  5514 | D:7      | 5514 ||| Stepping ~*~*~tactically~*~*~ (stealth).
  5523 | D:7      | Reached skill level 1 in Invocations
  5543 | D:7      | 5543 ||| DROPPING +1 war axe.
  5686 | D:7      | Noticed Prince Ribbit
  5687 | D:7      | 5687 ||| INVOKING Heroism.
  5695 | D:7      | Killed Prince Ribbit
  5746 | D:7      | Reached skill level 3 in Invocations
  6038 | D:7      | Identified the +7 great sword of Severance {vorpal, Will+}
  6218 | D:7      | Noticed Menkaure
  6219 | D:7      | 6219 ||| INVOKING Heroism.
  6224 | D:7      | Killed Menkaure
  6225 | D:7      | Reached XP level 10. HP: 63/63 MP: 9/12
  6329 | D:7      | 6329 ||| READING scroll labelled DAOSTR SUDO.
  6358 | D:8      | 6358 ||| Stepping ~*~*~tactically~*~*~ (hiding).
  6363 | D:8      | 6363 ||| INVOKING Heroism.
  6368 | D:8      | 6368 ||| Stepping ~*~*~tactically~*~*~ (stealth).
  6384 | D:8      | 6384 ||| Stepping ~*~*~tactically~*~*~ (hiding).
  6396 | D:8      | 6396 ||| Stepping ~*~*~tactically~*~*~ (stealth).
  6397 | D:8      | 6397 ||| Stepping ~*~*~tactically~*~*~ (stealth).
  6398 | D:8      | 6398 ||| INVOKING Heroism.
  6448 | D:8      | 6448 ||| INVOKING Heroism.
  6515 | D:8      | Found Adeahu Huo's General Store.
  6517 | D:8      | Noticed Maggie
  6527 | D:8      | Killed Maggie
  6527 | D:8      | Reached ** piety under Okawaru
  6530 | D:8      | 6530 ||| DROPPING +2 hand axe of flaming.
  6531 | D:8      | 6531 ||| DROPPING +2 war axe of freezing.
  6535 | D:8      | 6535 ||| BUYING potion of haste (130 gold).
  6535 | D:8      | Bought a potion of haste for 130 gold pieces
  6535 | D:8      | 6535 ||| BUYING potion of heal wounds (65 gold).
  6535 | D:8      | Bought a potion of heal wounds for 65 gold pieces
  6535 | D:8      | 6535 ||| BUYING scroll of identify (26 gold).
  6535 | D:8      | Bought a scroll of identify for 26 gold pieces
  6535 | D:8      | 6535 ||| BUYING scroll of identify (26 gold).
  6535 | D:8      | Bought a scroll of identify for 26 gold pieces
  6555 | D:8      | 6555 ||| Stepping ~*~*~tactically~*~*~ (stealth).
  6556 | D:8      | 6556 ||| Stepping ~*~*~tactically~*~*~ (stealth).
  6631 | D:8      | 6631 ||| Stepping ~*~*~tactically~*~*~ (hiding).
  6636 | D:8      | 6636 ||| INVOKING Heroism.
  6648 | D:8      | 6648 ||| Stepping ~*~*~tactically~*~*~ (stealth).
  6656 | D:8      | 6656 ||| Stepping ~*~*~tactically~*~*~ (stealth).
  6678 | D:8      | 6678 ||| Stepping ~*~*~tactically~*~*~ (stealth).
  6715 | D:8      | Found a staircase to the Lair.
  6716 | D:8      | 6716 ||| INVOKING Heroism.
  6819 | D:8      | 6819 ||| Stepping ~*~*~tactically~*~*~ (hiding).
  6823 | D:8      | 6823 ||| INVOKING Heroism.
  6873 | D:8      | 6873 ||| Stepping ~*~*~tactically~*~*~ (stealth).
  6876 | D:8      | 6876 ||| Stepping ~*~*~tactically~*~*~ (hiding).
  6982 | D:8      | 6982 ||| PLANNING LAIR
  6982 | D:8      | 6982 ||| UPGRADING to +2 chain mail of fire resistance.
  6992 | D:8      | 6992 ||| READING scroll labelled WUFO COAFIJASK.
  6993 | D:8      | 6993 ||| READING 3 scrolls of identify.
  6993 | D:8      | 6993 ||| IDENTIFYING sedimented orange potion
  6994 | D:8      | 6994 ||| READING 2 scrolls of identify.
  6994 | D:8      | 6994 ||| IDENTIFYING sapphire potion
  7013 | Lair:1   | Entered Level 1 of the Lair of Beasts
  7033 | Lair:1   | 7033 ||| INVOKING Heroism.
  7037 | Lair:1   | Reached skill level 3 in Throwing
  7071 | Lair:1   | Found a frozen archway.
  7080 | Lair:1   | Noticed a black mamba
  7081 | Lair:1   | 7081 ||| INVOKING Heroism.
  7088 | Lair:1   | Killed a black mamba
  7089 | Lair:1   | Reached skill level 5 in Shields
  7215 | Lair:1   | Noticed a cane toad
  7218 | Lair:1   | 7218 ||| INVOKING Heroism.
  7223 | Lair:1   | Killed a cane toad
  7317 | Lair:1   | 7317 ||| INVOKING Heroism.
  7378 | Lair:1   | Noticed a black mamba
  7379 | Lair:1   | 7379 ||| INVOKING Heroism.
  7387 | Lair:1   | Killed a black mamba
  7416 | Lair:1   | 7416 ||| INVOKING Heroism.
  7424 | Lair:1   | Reached *** piety under Okawaru
  7429 | Lair:1   | 7429 ||| INVOKING Heroism.
  7432 | Lair:1   | Reached XP level 11. HP: 62/69 MP: 10/14
  7459 | Lair:1   | 7459 ||| INVOKING Heroism.
  7465 | Lair:1   | Reached skill level 9 in Fighting
  7507 | Lair:1   | 7507 ||| Stepping ~*~*~tactically~*~*~ (stealth).
  7509 | Lair:1   | 7509 ||| INVOKING Heroism.
  7510 | Lair:1   | 7510 ||| Stepping ~*~*~tactically~*~*~ (stealth).
  7562 | Lair:1   | 7562 ||| INVOKING Heroism.
  7623 | Lair:1   | Noticed Erica
  7648 | Lair:1   | Killed Erica
  7962 | Lair:2   | Found a staircase to the Shoals.
  7968 | Lair:2   | 7968 ||| INVOKING Heroism.
  7975 | Lair:2   | Reached **** piety under Okawaru
  7991 | Lair:2   | Reached skill level 12 in Axes
  8000 | Lair:2   | HP: 17/71 [merfolk siren/+0 spear (10)]
  8001 | Lair:2   | 8001 ||| READING 3 scrolls of teleportation.
  8008 | Lair:2   | Received a gift from Okawaru
  8043 | Lair:2   | Noticed a lindwurm
  8044 | Lair:2   | 8044 ||| INVOKING Heroism.
  8056 | Lair:2   | Killed a lindwurm
  8057 | Lair:2   | Reached skill level 6 in Shields
  8084 | Lair:2   | 8084 ||| INVOKING Heroism.
  8100 | Lair:2   | Reached skill level 6 in Invocations
  8115 | Lair:2   | Reached ***** piety under Okawaru
  8172 | Lair:2   | 8172 ||| INVOKING Heroism.
  8219 | Lair:2   | Identified the +7 quarterstaff of Ru, Crafting {freeze,
                  | rElec rF- Str-5 Stlth+}
  8370 | Lair:2   | Found the +9 staff of Olgreb {rPois∞}
  8584 | Lair:2   | 8584 ||| UPGRADING to +2 pair of boots.
  8721 | Lair:3   | Reached XP level 12. HP: 77/77 MP: 17/17
  8814 | Lair:3   | 8814 ||| Stepping ~*~*~tactically~*~*~ (stealth).
  8843 | Lair:3   | Received a gift from Okawaru
  8882 | Lair:3   | 8882 ||| Stepping ~*~*~tactically~*~*~ (stealth).
  8884 | Lair:3   | 8884 ||| Stepping ~*~*~tactically~*~*~ (stealth).
  8886 | Lair:3   | 8886 ||| Stepping ~*~*~tactically~*~*~ (stealth).
  8891 | Lair:3   | 8891 ||| INVOKING Heroism.
  8906 | Lair:3   | Received a gift from Okawaru
  9018 | Lair:3   | 9018 ||| Stepping ~*~*~tactically~*~*~ (stealth).
  9021 | Lair:3   | 9021 ||| Stepping ~*~*~tactically~*~*~ (stealth).
  9023 | Lair:3   | 9023 ||| Stepping ~*~*~tactically~*~*~ (stealth).
  9034 | Lair:3   | Noticed a death yak
  9035 | Lair:3   | 9035 ||| INVOKING Heroism.
  9035 | Lair:3   | Noticed a death yak
  9036 | Lair:3   | 9036 ||| INVOKING Finesse.
  9038 | Lair:3   | Noticed a death yak
  9044 | Lair:3   | Noticed a death yak
  9056 | Lair:3   | Killed a death yak
  9064 | Lair:3   | Killed a death yak
  9064 | Lair:3   | Received a gift from Okawaru
  9075 | Lair:3   | Killed a death yak
  9076 | Lair:3   | Reached skill level 9 in Invocations
  9089 | Lair:3   | Killed a death yak
  9152 | Lair:3   | Found a hole to the Spider Nest.
  9158 | Lair:3   | Received a gift from Okawaru
  9341 | Lair:3   | 9341 ||| DROPPING +2 antimagic war axe.
  9858 | Lair:3   | 9858 ||| DROPPING ring of flight.
  9916 | Lair:4   | Noticed a six-headed hydra
  9917 | Lair:4   | 9917 ||| INVOKING Heroism.
  9918 | Lair:4   | 9918 ||| INVOKING Finesse.
  9919 | Lair:4   | 9919 ||| SWAPPING to +2 war axe of flaming.
  9928 | Lair:4   | Killed a one-headed hydra
  9929 | Lair:4   | 9929 ||| SWAPPING to +11 hand axe "Ogre's Nightmare" {vamp,
                  | Int+5 Dex-2}.
  9984 | Lair:4   | Noticed a death yak
  9985 | Lair:4   | 9985 ||| INVOKING Heroism.
  9985 | Lair:4   | Noticed a death yak
  9985 | Lair:4   | Noticed a death yak
  9986 | Lair:4   | 9986 ||| INVOKING Finesse.
  9987 | Lair:4   | Noticed a death yak
  9987 | Lair:4   | Noticed a death yak
  9988 | Lair:4   | 9988 ||| Stepping ~*~*~tactically~*~*~ (stealth).
  9989 | Lair:4   | 9989 ||| Stepping ~*~*~tactically~*~*~ (stealth).
  9995 | Lair:4   | Killed a death yak
  9995 | Lair:4   | Identified the +0 hat of Rang {Int+4 Dex+4} (Okawaru gifted
                  | it to you on level 4 of the Lair of Beasts)
  9995 | Lair:4   | Received a gift from Okawaru
 10000 | Lair:4   | Noticed a death yak
 10001 | Lair:4   | 10001 ||| Stepping ~*~*~tactically~*~*~ (stealth).
 10002 | Lair:4   | 10002 ||| Stepping ~*~*~tactically~*~*~ (stealth).
 10008 | Lair:4   | 10008 ||| Stepping ~*~*~tactically~*~*~ (stealth).
 10018 | Lair:4   | Killed a death yak
 10024 | Lair:4   | Killed a death yak
 10034 | Lair:4   | Killed a death yak
 10037 | Lair:4   | 10037 ||| INVOKING Finesse.
 10042 | Lair:4   | Killed a death yak
 10050 | Lair:4   | Killed a death yak
 10219 | Lair:4   | 10219 ||| Stepping ~*~*~tactically~*~*~ (hiding).
 10225 | Lair:4   | Reached XP level 13. HP: 82/82 MP: 20/20
 10385 | Lair:4   | 10385 ||| Stepping ~*~*~tactically~*~*~ (stealth).
 10388 | Lair:4   | 10388 ||| INVOKING Heroism.
 10476 | Lair:4   | 10476 ||| INVOKING Heroism.
 11056 | Lair:4   | 11056 ||| UPGRADING to +0 hat of Rang {Int+4 Dex+4}.
 11061 | Lair:4   | 11061 ||| DROPPING +2 pair of gloves.
 11062 | Lair:4   | 11062 ||| READING 2 scrolls of identify.
 11062 | Lair:4   | 11062 ||| IDENTIFYING sedimented red potion
 11063 | Lair:4   | 11063 ||| DROPPING potion of berserk rage.
 11088 | Lair:5   | Entered Level 5 of the Lair of Beasts
 11088 | Lair:5   | Found a staircase to the Slime Pits.
 11154 | Lair:5   | 11154 ||| INVOKING Heroism.
 11174 | Lair:5   | Reached skill level 3 in Dodging
 11179 | Lair:5   | 11179 ||| INVOKING Heroism.
 11219 | Lair:5   | 11219 ||| INVOKING Finesse.
 11223 | Lair:5   | 11223 ||| SWAPPING to +2 war axe of flaming.
 11224 | Lair:5   | 11224 ||| INVOKING Heroism.
 11227 | Lair:5   | 11227 ||| SWAPPING to +11 hand axe "Ogre's Nightmare"
                  | {vamp, Int+5 Dex-2}.
 11284 | Lair:5   | 11284 ||| INVOKING Heroism.
 11287 | Lair:5   | 11287 ||| INVOKING Finesse.
 11302 | Lair:5   | Received a gift from Okawaru
 11303 | Lair:5   | Reached skill level 7 in Shields
 11453 | Lair:5   | 11453 ||| INVOKING Heroism.
 11514 | Lair:5   | 11514 ||| Stepping ~*~*~tactically~*~*~ (stealth).
 11515 | Lair:5   | 11515 ||| INVOKING Heroism.
 11559 | Lair:5   | 11559 ||| Stepping ~*~*~tactically~*~*~ (stealth).
 11561 | Lair:5   | 11561 ||| Stepping ~*~*~tactically~*~*~ (stealth).
 11576 | Lair:5   | Reached skill level 9 in Armour
 11597 | Lair:5   | 11597 ||| INVOKING Heroism.
 11647 | Lair:5   | 11647 ||| Stepping ~*~*~tactically~*~*~ (stealth).
 11649 | Lair:5   | 11649 ||| INVOKING Heroism.
 11686 | Lair:5   | 11686 ||| Stepping ~*~*~tactically~*~*~ (hiding).
 11700 | Lair:5   | 11700 ||| INVOKING Heroism.
 11706 | Lair:5   | 11706 ||| INVOKING Finesse.
 11720 | Lair:5   | 11720 ||| Stepping ~*~*~tactically~*~*~ (hiding).
 11729 | Lair:5   | 11729 ||| SWAPPING to +2 war axe of flaming.
 11738 | Lair:5   | 11738 ||| SWAPPING to +11 hand axe "Ogre's Nightmare"
                  | {vamp, Int+5 Dex-2}.
 11741 | Lair:5   | Received a gift from Okawaru
 11779 | Lair:5   | Found a large runed translucent door.
 11780 | Lair:5   | Found a large runed translucent door.
 11800 | Lair:5   | Noticed a fire dragon
 11839 | Lair:5   | 11839 ||| INVOKING Heroism.
 12018 | Lair:5   | Reached skill level 12 in Fighting
 12265 | Lair:5   | 12265 ||| PLANNING D:1-11
 12265 | Lair:5   | 12265 ||| UPGRADING to +0 helmet.
 12275 | Lair:5   | 12275 ||| DROPPING +0 hat of Rang {Int+4 Dex+4}.
 12475 | D:9      | 12475 ||| INVOKING Heroism.
 12514 | D:9      | 12514 ||| READING scroll of acquirement.
 12514 | D:9      | 12514 ||| ACQUIRING scarf of resistance
 12514 | D:9      | Acquired a scarf of resistance
 12516 | D:9      | 12516 ||| UPGRADING to scarf of resistance.
 12521 | D:9      | 12521 ||| UPGRADING to +0 plate armour.
 13240 | D:10     | Entered Level 10 of the Dungeon
 13390 | D:10     | 13390 ||| INVOKING Heroism.
 13397 | D:10     | Gained mutation: Your large and strong wings let you fly.
                  | [Gargoyle growth]
 13397 | D:10     | Reached XP level 14. HP: 88/92 MP: 18/21
 13533 | D:10     | Received a gift from Okawaru
 13550 | D:10     | Found a flagged portal.
 13551 | D:10     | 13551 ||| Stepping ~*~*~tactically~*~*~ (stealth).
 13553 | D:10     | 13553 ||| Stepping ~*~*~tactically~*~*~ (hiding).
 13562 | D:10     | 13562 ||| INVOKING Heroism.
 13725 | D:10     | 13725 ||| Stepping ~*~*~tactically~*~*~ (hiding).
 13798 | D:10     | 13798 ||| READING 2 scrolls of identify.
 13798 | D:10     | 13798 ||| IDENTIFYING fuming dark potion
 13831 | D:11     | 13831 ||| STAIRDANCE
 13863 | D:11     | 13863 ||| Stepping ~*~*~tactically~*~*~ (stealth).
 13867 | D:11     | 13867 ||| Stepping ~*~*~tactically~*~*~ (stealth).
 13869 | D:11     | 13869 ||| Stepping ~*~*~tactically~*~*~ (stealth).
 13874 | D:11     | 13874 ||| Stepping ~*~*~tactically~*~*~ (stealth).
 13876 | D:11     | 13876 ||| Stepping ~*~*~tactically~*~*~ (stealth).
 13892 | D:11     | Identified the +1 helmet of the Cooper {Will+ Int+4}
                  | (Okawaru gifted it to you on level 11 of the Dungeon)
 13892 | D:11     | Received a gift from Okawaru
 13909 | D:11     | 13909 ||| Stepping ~*~*~tactically~*~*~ (stealth).
 13940 | D:11     | Found Zofrofexec's Armour Shoppe.
 13940 | D:11     | Found a staircase to the Orcish Mines.
 13940 | D:11     | Found Ekhluef's Weapon Shoppe.
 13941 | D:11     | 13941 ||| FLEEEEING.
 13942 | D:11     | 13942 ||| FLEEEEING.
 13943 | D:11     | 13943 ||| FLEEEEING.
 13944 | D:11     | 13944 ||| FLEEEEING.
 13959 | D:11     | 13959 ||| INVOKING Heroism.
 13971 | D:11     | Noticed Sonja
 13972 | D:11     | 13972 ||| INVOKING Finesse.
 13996 | D:11     | Killed Sonja
 14044 | D:11     | 14044 ||| BUYING +0 cloak (58 gold).
 14044 | D:11     | Bought a +0 cloak for 58 gold pieces
 14044 | D:11     | 14044 ||| BUYING +1 pair of gloves of dexterity (214 gold).
 14044 | D:11     | Bought a +1 pair of gloves of dexterity for 214 gold pieces
 14044 | D:11     | 14044 ||| BUYING +3 chain mail of fire resistance (344
                  | gold).
 14044 | D:11     | Bought a +3 chain mail of fire resistance for 344 gold
                  | pieces
 14129 | D:11     | Identified the +8 spear of Circularity {drain, rF+ rN+
                  | Dex+4 Stlth+}
 14436 | D:11     | 14436 ||| PLANNING D
 14436 | D:11     | 14436 ||| DROPPING +2 chain mail of fire resistance.
 14437 | D:11     | 14437 ||| UPGRADING to +1 helmet of the Cooper {Will+
                  | Int+4}.
 14447 | D:11     | 14447 ||| DROPPING +0 helmet.
 14448 | D:11     | 14448 ||| UPGRADING to +1 pair of gloves of dexterity.
 14458 | D:11     | 14458 ||| DROPPING +2 pair of gloves of hurling.
 14459 | D:11     | 14459 ||| UPGRADING to +3 chain mail of fire resistance.
 14533 | D:12     | 14533 ||| INVOKING Heroism.
 14536 | D:12     | 14536 ||| Stepping ~*~*~tactically~*~*~ (stealth).
 14561 | D:12     | HP: 9/92 [skeletal warrior/+0 dire flail (15)]
 14562 | D:12     | 14562 ||| READING 8 scrolls of teleportation.
 14563 | D:12     | 14563 ||| DRINKING 5 potions of heal wounds.
 14642 | D:12     | Reached skill level 8 in Shields
 14672 | D:12     | 14672 ||| Stepping ~*~*~tactically~*~*~ (stealth).
 14705 | D:12     | 14705 ||| Stepping ~*~*~tactically~*~*~ (hiding).
 14736 | D:12     | 14736 ||| INVOKING Heroism.
 14745 | D:12     | HP: 23/92 [centaur warrior/arrow (11)]
 14746 | D:12     | 14746 ||| READING 7 scrolls of teleportation.
 14747 | D:12     | 14747 ||| DRINKING 4 potions of heal wounds.
 14749 | D:12     | 14749 ||| Stepping ~*~*~tactically~*~*~ (hiding).
 14868 | D:12     | 14868 ||| Invisible monster not found???
 14885 | D:12     | 14885 ||| INVOKING Heroism.
 14983 | D:12     | 14983 ||| INVOKING Heroism.
 15002 | D:12     | 15002 ||| Stepping ~*~*~tactically~*~*~ (stealth).
 15014 | D:12     | 15014 ||| READING 6 scrolls of teleportation.
 15032 | D:12     | 15032 ||| Stepping ~*~*~tactically~*~*~ (stealth).
 15036 | D:12     | 15036 ||| Stepping ~*~*~tactically~*~*~ (stealth).
 15041 | D:12     | 15041 ||| Stepping ~*~*~tactically~*~*~ (stealth).
 15042 | D:12     | 15042 ||| Stepping ~*~*~tactically~*~*~ (stealth).
 15046 | D:12     | 15046 ||| INVOKING Heroism.
 15352 | D:12     | 15352 ||| INVOKING Heroism.
 15353 | D:12     | 15353 ||| INVOKING Finesse.
 15529 | D:12     | 15529 ||| READING scroll labelled TOMUIV BYUSK.
 15616 | D:13     | 15616 ||| INVOKING Heroism.
 15634 | D:13     | Found a broken altar of Ashenzari.
 16004 | D:13     | 16004 ||| Stepping ~*~*~tactically~*~*~ (hiding).
 16013 | D:13     | Reached skill level 6 in Throwing
 16140 | D:13     | 16140 ||| INVOKING Heroism.
 16421 | D:14     | 16421 ||| INVOKING Heroism.
 16427 | D:14     | Reached skill level 9 in Shields
 16430 | D:14     | 16430 ||| INVOKING Finesse.
 16445 | D:14     | Noticed Azrael
 16476 | D:14     | Killed Azrael
 16477 | D:14     | Found a gate to the Vaults.
 16519 | D:14     | 16519 ||| Stepping ~*~*~tactically~*~*~ (stealth).
 16607 | D:14     | Noticed Louise
 16608 | D:14     | 16608 ||| INVOKING Heroism.
 16609 | D:14     | 16609 ||| INVOKING Finesse.
 16621 | D:14     | 16621 ||| Stepping ~*~*~tactically~*~*~ (hiding).
 16622 | D:14     | 16622 ||| Stepping ~*~*~tactically~*~*~ (hiding).
 16638 | D:14     | Killed Louise
 16726 | D:14     | 16726 ||| Stepping ~*~*~tactically~*~*~ (stealth).
 16733 | D:14     | Reached XP level 15. HP: 100/100 MP: 22/22
 16740 | D:14     | 16740 ||| Stepping ~*~*~tactically~*~*~ (stealth).
 16744 | D:14     | 16744 ||| Stepping ~*~*~tactically~*~*~ (stealth).
 16745 | D:14     | 16745 ||| Stepping ~*~*~tactically~*~*~ (stealth).
 16751 | D:14     | 16751 ||| Stepping ~*~*~tactically~*~*~ (stealth).
 16756 | D:14     | 16756 ||| Stepping ~*~*~tactically~*~*~ (stealth).
 16758 | D:14     | 16758 ||| Stepping ~*~*~tactically~*~*~ (stealth).
 16838 | D:14     | Found a runed translucent gate.
 16838 | D:14     | Found a runed translucent gate.
 16839 | D:14     | Found a runed translucent gate.
 16904 | D:14     | 16904 ||| READING scroll of enchant armour.
 16904 | D:14     | 16904 ||| ENCHANTING +1 pair of gloves of dexterity.
 17080 | D:14     | Noticed Kilet's ghost (adept GrEE)
 17283 | D:14     | Found Deunaliafe's Book Emporium.
 17314 | Abyss:3  | Cast into level 3 of the Abyss (a wizard)
 17324 | Abyss:3  | Found a corrupted altar of Lugonu.
 17363 | Abyss:3  | Received a gift from Okawaru
 17387 | Abyss:3  | Noticed a Hell Sentinel
 17388 | Abyss:3  | 17388 ||| INVOKING Heroism.
 17389 | Abyss:3  | 17389 ||| INVOKING Finesse.
 17429 | Abyss:3  | HP: 23/100 [Hell Sentinel/iron shot (19)]
 17430 | Abyss:3  | 17430 ||| READING 6 scrolls of teleportation.
 17431 | Abyss:3  | 17431 ||| DRINKING 3 potions of heal wounds.
 17436 | Abyss:3  | Killed a Hell Sentinel
 17436 | Abyss:3  | Received a gift from Okawaru
 17437 | Abyss:3  | Reached skill level 12 in Armour
 17530 | Abyss:3  | 17530 ||| Stepping ~*~*~tactically~*~*~ (stealth).
 17531 | Abyss:3  | 17531 ||| Stepping ~*~*~tactically~*~*~ (stealth).
 17532 | Abyss:3  | 17532 ||| Stepping ~*~*~tactically~*~*~ (stealth).
 17562 | Abyss:3  | 17562 ||| INVOKING Heroism.
 17611 | Abyss:3  | Received a gift from Okawaru
 17618 | Abyss:3  | Noticed a cacodemon
 17619 | Abyss:3  | 17619 ||| Stepping ~*~*~tactically~*~*~ (stealth).
 17629 | Abyss:3  | Gained mutation: You do not regenerate when monsters are
                  | visible. [a cacodemon]
 17642 | Abyss:3  | 17642 ||| INVOKING Heroism.
 17658 | Abyss:3  | Killed a cacodemon
 17661 | D:14     | Escaped the Abyss
 17714 | D:14     | 17714 ||| DRINKING 3 potions of mutation.
 17714 | D:14     | Lost mutation: You do not regenerate when monsters are
                  | visible. [potion of mutation]
 17714 | D:14     | Gained mutation: You expend magic power (3 MP) to
                  | strengthen your wands. [potion of mutation]
 17714 | D:14     | Gained mutation: Your flesh is heat resistant. (rF+)
                  | [potion of mutation]
 17714 | D:14     | Gained mutation: You occasionally lose the ability to drink
                  | potions when taking damage. [potion of mutation]
 17714 | D:14     | Gained mutation: You have a beak for a mouth. [potion of
                  | mutation]
 17715 | D:14     | 17715 ||| DRINKING 2 potions of mutation.
 17715 | D:14     | Lost mutation: Your flesh is heat resistant. (rF+) [potion
                  | of mutation]
 17715 | D:14     | Lost mutation: You have a beak for a mouth. [potion of
                  | mutation]
 17715 | D:14     | Gained mutation: Your spells are a little harder to cast,
                  | but a little more powerful. [potion of mutation]
 17715 | D:14     | Gained mutation: You are clumsy. (Dex -2) [potion of
                  | mutation]
 17716 | D:14     | 17716 ||| DRINKING potion of mutation.
 17716 | D:14     | Lost mutation: You are clumsy. (Dex -2) [potion of
                  | mutation]
 17716 | D:14     | Lost mutation: You occasionally lose the ability to drink
                  | potions when taking damage. [potion of mutation]
 17716 | D:14     | Lost mutation: Your spells are a little harder to cast, but
                  | a little more powerful. [potion of mutation]
 17716 | D:14     | Gained mutation: You are robust. (+10% HP) [potion of
                  | mutation]
 17716 | D:14     | Gained mutation: You are partially covered in iridescent
                  | scales. (AC +2) [potion of mutation]
 17787 | D:14     | 17787 ||| UPGRADING to +0 tower shield.
 17797 | D:14     | 17797 ||| DROPPING +0 buckler.
 17798 | D:14     | 17798 ||| UPGRADING to +1 helmet of the Cooper {Will+
                  | Int+4}.
 17818 | D:15     | Entered Level 15 of the Dungeon
 17819 | D:15     | 17819 ||| INVOKING Heroism.
 17825 | D:15     | 17825 ||| STAIRDANCE
 17877 | D:15     | 17877 ||| STAIRDANCE
 17879 | D:14     | 17879 ||| INVOKING Heroism.
 17925 | D:15     | 17925 ||| INVOKING Heroism.
 17980 | D:15     | 17980 ||| INVOKING Heroism.
 18010 | D:15     | 18010 ||| Stepping ~*~*~tactically~*~*~ (hiding).
 18039 | D:15     | 18039 ||| Stepping ~*~*~tactically~*~*~ (hiding).
 18057 | D:15     | 18057 ||| INVOKING Heroism.
 18078 | D:15     | Reached skill level 10 in Shields
 18189 | D:15     | 18189 ||| INVOKING Heroism.
 18208 | D:15     | Identified the +5 pair of boots of Heda {rF+ Regen+ Int-5}
                  | (Okawaru gifted it to you on level 15 of the Dungeon)
 18208 | D:15     | Received a gift from Okawaru
 18229 | D:15     | Noticed Gosau's ghost (journeyman DsGl)
 18242 | D:15     | 18242 ||| UPGRADING to +4 chain mail of fire resistance.
 18243 | D:15     | 18243 ||| UPGRADING to +4 chain mail of fire resistance.
 18253 | D:15     | 18253 ||| DRINKING 9 potions of curing.
 18253 | D:15     | 18253 ||| (to cure confusion)
 18260 | D:15     | 18260 ||| DROPPING +0 plate armour.
 18261 | D:15     | 18261 ||| DROPPING +3 chain mail of fire resistance.
 18262 | D:15     | 18262 ||| UPGRADING to +5 pair of boots of Heda {rF+ Regen+
                  | Int-5}.
 18272 | D:15     | 18272 ||| DROPPING +2 pair of boots.
 18351 | D:15     | 18351 ||| INVOKING Heroism.
 18375 | D:15     | Found a runed translucent gate.
 18375 | D:15     | Found a runed translucent gate.
 18375 | D:15     | Found a runed translucent gate.
 18518 | D:15     | 18518 ||| Stepping ~*~*~tactically~*~*~ (hiding).
 18519 | D:15     | 18519 ||| INVOKING Heroism.
 18532 | D:15     | Reached skill level 11 in Shields
 18555 | D:15     | Found a staircase to the Depths.
 18556 | D:15     | 18556 ||| Stepping ~*~*~tactically~*~*~ (stealth).
 18645 | D:15     | 18645 ||| PLANNING ORC
 18645 | D:15     | 18645 ||| UPGRADING to +4 ring of protection.
 18647 | D:15     | 18647 ||| DROPPING ring of willpower.
 18648 | D:15     | 18648 ||| READING scroll labelled QAEPTOLYRCH.
 18750 | Orc:1    | Entered Level 1 of the Orcish Mines
 18751 | Orc:1    | 18751 ||| INVOKING Heroism.
 18847 | Orc:1    | Found a transporter.
 18901 | Orc:1    | Found Peynkec's Weapon Shop.
 19015 | Orc:2    | Entered Level 2 of the Orcish Mines
 19016 | Orc:2    | 19016 ||| STAIRDANCE
 19039 | Orc:2    | 19039 ||| INVOKING Heroism.
 19040 | Orc:2    | 19040 ||| STAIRDANCE
 19047 | Orc:2    | 19047 ||| STAIRDANCE
 19055 | Orc:2    | 19055 ||| STAIRDANCE
 19064 | Orc:2    | 19064 ||| STAIRDANCE
 19146 | Orc:2    | Found a staircase to the Elven Halls.
 19146 | Orc:2    | Found Fioh's Book Shoppe.
 19181 | Orc:2    | 19181 ||| Stepping ~*~*~tactically~*~*~ (stealth).
 19183 | Orc:2    | 19183 ||| Stepping ~*~*~tactically~*~*~ (hiding).
 19192 | Orc:2    | 19192 ||| Stepping ~*~*~tactically~*~*~ (hiding).
 19205 | Orc:2    | 19205 ||| INVOKING Heroism.
 19286 | Orc:2    | 19286 ||| INVOKING Heroism.
 19292 | Orc:2    | Found Vutunn's General Store.
 19292 | Orc:2    | Found Ampufoo's Jewellery Emporium.
 19292 | Orc:2    | Found Qusidwaa's Magic Scroll Shoppe.
 19309 | Orc:2    | Noticed Maurice
 19313 | Orc:2    | Reached skill level 12 in Shields
 19350 | Orc:2    | Killed Maurice
 19356 | Orc:2    | 19356 ||| INVOKING Heroism.
 19379 | Orc:2    | Found Miec's Jewellery Boutique.
 19383 | Orc:2    | 19383 ||| BUYING potion of magic (120 gold).
 19383 | Orc:2    | Bought a potion of magic for 120 gold pieces
 19383 | Orc:2    | 19383 ||| BUYING scroll of identify (30 gold).
 19383 | Orc:2    | Bought a scroll of identify for 30 gold pieces
 19384 | Orc:2    | 19384 ||| BUYING ring of fire (275 gold).
 19384 | Orc:2    | Bought a ring of fire for 275 gold pieces
 19384 | Orc:2    | 19384 ||| BUYING ring of fire (275 gold).
 19384 | Orc:2    | Bought a ring of fire for 275 gold pieces
 19384 | Orc:2    | 19384 ||| BUYING ring of protection from cold (275 gold).
 19384 | Orc:2    | Bought a ring of protection from cold for 275 gold pieces
 19384 | Orc:2    | 19384 ||| BUYING ring of resist corrosion (220 gold).
 19384 | Orc:2    | Bought a ring of resist corrosion for 220 gold pieces
 19386 | Orc:2    | 19386 ||| SHOPLISTING scroll of enchant weapon (127 gold,
                  | have 117).
 19386 | Orc:2    | 19386 ||| BUYING scroll of identify (34 gold).
 19386 | Orc:2    | Bought a scroll of identify for 34 gold pieces
 19386 | Orc:2    | 19386 ||| BUYING scroll of identify (34 gold).
 19386 | Orc:2    | Bought a scroll of identify for 34 gold pieces
 19386 | Orc:2    | 19386 ||| SHOPLISTING scroll of teleportation (51 gold,
                  | have 49).
 19412 | Orc:2    | 19412 ||| Stepping ~*~*~tactically~*~*~ (hiding).
 19414 | Orc:2    | 19414 ||| Stepping ~*~*~tactically~*~*~ (hiding).
 19420 | Orc:2    | 19420 ||| INVOKING Heroism.
 19463 | Orc:2    | 19463 ||| Stepping ~*~*~tactically~*~*~ (hiding).
 19770 | Orc:1    | Noticed Erolcha
 19771 | Orc:1    | 19771 ||| Stepping ~*~*~tactically~*~*~ (hiding).
 19772 | Orc:1    | 19772 ||| Stepping ~*~*~tactically~*~*~ (hiding).
 19785 | Orc:1    | Killed Erolcha
 19850 | Orc:1    | Found a transporter.
 19890 | Orc:1    | 19890 ||| PLANNING SHOALS:1-3
 20020 | Shoals:1 | Entered Level 1 of the Shoals
 20026 | Shoals:1 | 20026 ||| Stepping ~*~*~tactically~*~*~ (hiding).
 20027 | Shoals:1 | 20027 ||| Stepping ~*~*~tactically~*~*~ (hiding).
 20029 | Shoals:1 | 20029 ||| INVOKING Heroism.
 20030 | Shoals:1 | 20030 ||| INVOKING Finesse.
 20198 | Shoals:1 | 20198 ||| Stepping ~*~*~tactically~*~*~ (hiding).
 20202 | Shoals:1 | 20202 ||| INVOKING Heroism.
 20215 | Shoals:1 | Reached skill level 13 in Shields
 20224 | Shoals:1 | Noticed Josephine
 20239 | Shoals:1 | Killed Josephine
 20248 | Shoals:1 | 20248 ||| INVOKING Heroism.
 20261 | Shoals:1 | Received a gift from Okawaru
 20281 | Shoals:1 | Reached XP level 16. HP: 117/117 MP: 23/23
 20319 | Shoals:1 | Noticed a kraken
 20321 | Shoals:1 | 20321 ||| INVOKING Heroism.
 20332 | Shoals:1 | Killed a kraken
 20369 | Shoals:1 | Noticed a kraken
 20373 | Shoals:1 | 20373 ||| INVOKING Heroism.
 20383 | Shoals:1 | Killed a kraken
 20384 | Shoals:1 | Reached skill level 14 in Shields
 20439 | Shoals:1 | Noticed Kirke
 20440 | Shoals:1 | 20440 ||| INVOKING Heroism.
 20441 | Shoals:1 | 20441 ||| INVOKING Finesse.
 20457 | Shoals:1 | Killed Kirke
 20571 | Shoals:1 | 20571 ||| INVOKING Heroism.
 20615 | Shoals:1 | 20615 ||| INVOKING Heroism.
 20990 | Shoals:1 | 20990 ||| READING 11 scrolls of identify.
 20990 | Shoals:1 | 20990 ||| IDENTIFYING orange potion
 20991 | Shoals:1 | 20991 ||| DROPPING potion of brilliance.
 21002 | Shoals:2 | 21002 ||| STAIRDANCE
 21014 | Shoals:2 | 21014 ||| STAIRDANCE
 21043 | Shoals:2 | Reached skill level 15 in Shields
 21089 | Shoals:2 | 21089 ||| INVOKING Heroism.
 21102 | Shoals:2 | Received a gift from Okawaru
 21196 | Shoals:2 | 21196 ||| Stepping ~*~*~tactically~*~*~ (stealth).
 21198 | Shoals:2 | 21198 ||| Stepping ~*~*~tactically~*~*~ (hiding).
 21217 | Shoals:2 | Received a gift from Okawaru
 21310 | Shoals:2 | Found Tecwos's Jewellery Shoppe.
 21311 | Shoals:2 | 21311 ||| Stepping ~*~*~tactically~*~*~ (hiding).
 21426 | Shoals:2 | 21426 ||| Stepping ~*~*~tactically~*~*~ (hiding).
 21427 | Shoals:2 | 21427 ||| Stepping ~*~*~tactically~*~*~ (hiding).
 21627 | Shoals:2 | 21627 ||| INVOKING Heroism.
 21628 | Shoals:2 | 21628 ||| INVOKING Finesse.
 21760 | Shoals:2 | Reached skill level 16 in Shields
 21989 | Shoals:3 | 21989 ||| Stepping ~*~*~tactically~*~*~ (hiding).
 22050 | Shoals:3 | 22050 ||| INVOKING Heroism.
 22065 | Shoals:3 | Found Futibup's Assorted Antiques.
 22066 | Shoals:3 | 22066 ||| Stepping ~*~*~tactically~*~*~ (hiding).
 22156 | Shoals:3 | 22156 ||| Stepping ~*~*~tactically~*~*~ (stealth).
 22163 | Shoals:3 | 22163 ||| INVOKING Heroism.
 22191 | Shoals:3 | Received a gift from Okawaru
 22201 | Shoals:3 | 22201 ||| BUYING potion of mutation (256 gold).
 22201 | Shoals:3 | Bought a potion of mutation for 256 gold pieces
 22201 | Shoals:3 | 22201 ||| SHOPLISTING tourmaline ring (160 gold, have 118).
 22206 | Shoals:3 | Identified the +1 ring mail "Ilais" {Harm rF+ Regen+}
 22330 | Shoals:3 | 22330 ||| Stepping ~*~*~tactically~*~*~ (hiding).
 22331 | Shoals:3 | 22331 ||| Stepping ~*~*~tactically~*~*~ (hiding).
 22335 | Shoals:3 | 22335 ||| INVOKING Heroism.
 22462 | Shoals:3 | 22462 ||| INVOKING Heroism.
 22468 | Shoals:3 | Reached skill level 17 in Shields
 22474 | Shoals:3 | Received a gift from Okawaru
 22871 | Shoals:3 | 22871 ||| PLANNING SPIDER:1-3
 22871 | Shoals:3 | 22871 ||| DROPPING scarf of resistance.
 22993 | Spider:1 | Entered Level 1 of the Spider Nest
 23049 | Spider:1 | 23049 ||| Stepping ~*~*~tactically~*~*~ (hiding).
 23167 | Spider:1 | Found a large runed translucent door.
 23169 | Spider:1 | Found a large runed translucent door.
 23171 | Spider:1 | Noticed robotcentaur's ghost (adept TeNe)
 23325 | Spider:1 | 23325 ||| DRINKING 10 potions of curing.
 23325 | Spider:1 | 23325 ||| (to cure confusion)
 23495 | Spider:1 | 23495 ||| Stepping ~*~*~tactically~*~*~ (stealth).
 23499 | Spider:1 | 23499 ||| INVOKING Heroism.
 23500 | Spider:1 | 23500 ||| INVOKING Finesse.
 23731 | Spider:1 | 23731 ||| INVOKING Heroism.
 23753 | Spider:1 | Gained mutation: You sometimes lose your temper in combat.
                  | [mutagenic glow]
 23785 | Spider:1 | 23785 ||| DRINKING 2 potions of mutation.
 23785 | Spider:1 | Lost mutation: You are robust. (+10% HP) [potion of
                  | mutation]
 23785 | Spider:1 | Lost mutation: You expend magic power (3 MP) to strengthen
                  | your wands. [potion of mutation]
 23786 | Spider:1 | 23786 ||| DRINKING potion of mutation.
 23786 | Spider:1 | Lost mutation: You are partially covered in iridescent
                  | scales. (AC +2) [potion of mutation]
 23786 | Spider:1 | Lost mutation: You sometimes lose your temper in combat.
                  | [potion of mutation]
 23786 | Spider:1 | Gained mutation: Your body sometimes deteriorates upon
                  | taking damage. [potion of mutation]
 23786 | Spider:1 | Gained mutation: You are weak. (Str -2) [potion of
                  | mutation]
 23786 | Spider:1 | Gained mutation: You have large cloven feet. [potion of
                  | mutation]
 23786 | Spider:1 | Gained mutation: You occasionally lose the ability to drink
                  | potions when taking damage. [mutagenic glow]
 23988 | Spider:1 | 23988 ||| READING scroll labelled LUIK NEEBRAMERGH.
 24049 | Spider:2 | Found a runed translucent gate.
 24049 | Spider:2 | Found a runed translucent gate.
 24049 | Spider:2 | Found a runed translucent gate.
 24061 | Spider:2 | Noticed qw's ghost (adept GrFi)
 24129 | Spider:2 | 24129 ||| Stepping ~*~*~tactically~*~*~ (hiding).
 24135 | Spider:2 | 24135 ||| INVOKING Heroism.
 24199 | Spider:2 | 24199 ||| INVOKING Heroism.
 24209 | Spider:2 | Reached XP level 17. HP: 98/112 MP: 22/24
 24225 | Spider:2 | Reached skill level 18 in Shields
 24227 | Spider:2 | Gained mutation: You are very weak. (Str -4) [mutagenic
                  | glow]
 24401 | Spider:2 | Reached skill level 15 in Fighting
 24419 | Spider:2 | 24419 ||| Stepping ~*~*~tactically~*~*~ (stealth).
 24421 | Spider:2 | 24421 ||| Stepping ~*~*~tactically~*~*~ (stealth).
 24431 | Spider:2 | 24431 ||| INVOKING Heroism.
 24479 | Spider:2 | Identified the +5 chain mail "Langokoy" {Regen+ Int+2}
 24544 | Spider:2 | 24544 ||| Stepping ~*~*~tactically~*~*~ (stealth).
 24549 | Spider:2 | 24549 ||| DRINKING 9 potions of curing.
 24549 | Spider:2 | 24549 ||| (to cure confusion)
 24622 | Spider:2 | 24622 ||| Stepping ~*~*~tactically~*~*~ (stealth).
 24624 | Spider:2 | 24624 ||| INVOKING Finesse.
 24780 | Spider:2 | 24780 ||| INVOKING Finesse.
 24955 | Spider:2 | 24955 ||| Stepping ~*~*~tactically~*~*~ (stealth).
 25027 | Spider:2 | 25027 ||| INVOKING Heroism.
 25078 | Spider:2 | 25078 ||| Stepping ~*~*~tactically~*~*~ (stealth).
 25083 | Spider:2 | Received a gift from Okawaru
 25237 | Spider:2 | 25237 ||| INVOKING Heroism.
 25426 | Spider:2 | 25426 ||| UPGRADING to +5 chain mail "Langokoy" {Regen+
                  | Int+2}.
 25436 | Spider:2 | 25436 ||| READING scroll labelled LIMPOWN ZYNILL.
 25452 | Spider:3 | 25452 ||| INVOKING Heroism.
 25453 | Spider:3 | 25453 ||| STAIRDANCE
 25466 | Spider:3 | 25466 ||| STAIRDANCE
 25495 | Spider:3 | 25495 ||| Stepping ~*~*~tactically~*~*~ (stealth).
 25496 | Spider:3 | 25496 ||| Stepping ~*~*~tactically~*~*~ (stealth).
 25498 | Spider:3 | 25498 ||| INVOKING Finesse.
 25516 | Spider:3 | 25516 ||| DRINKING 4 potions of cancellation.
 25549 | Spider:3 | 25549 ||| Stepping ~*~*~tactically~*~*~ (hiding).
 25550 | Spider:3 | 25550 ||| Stepping ~*~*~tactically~*~*~ (hiding).
 25582 | Spider:3 | 25582 ||| Stepping ~*~*~tactically~*~*~ (stealth).
 25626 | Spider:3 | 25626 ||| Stepping ~*~*~tactically~*~*~ (stealth).
 25627 | Spider:3 | 25627 ||| Stepping ~*~*~tactically~*~*~ (stealth).
 25637 | Spider:3 | 25637 ||| INVOKING Heroism.
 25676 | Spider:3 | 25676 ||| Stepping ~*~*~tactically~*~*~ (stealth).
 25765 | Spider:3 | 25765 ||| INVOKING Finesse.
 25800 | Spider:3 | 25800 ||| Stepping ~*~*~tactically~*~*~ (stealth).
 25807 | Spider:3 | 25807 ||| Stepping ~*~*~tactically~*~*~ (stealth).
 25808 | Spider:3 | 25808 ||| Stepping ~*~*~tactically~*~*~ (stealth).
 25810 | Spider:3 | 25810 ||| Stepping ~*~*~tactically~*~*~ (hiding).
 25938 | Spider:3 | 25938 ||| Stepping ~*~*~tactically~*~*~ (hiding).
 25968 | Spider:3 | Identified the +3 ring mail "Cugaosoq" {Dex+5 SInv}
 25992 | Spider:3 | 25992 ||| Stepping ~*~*~tactically~*~*~ (hiding).
 26003 | Spider:3 | Identified the +10 mace "Lageduxe" {drain, Fly Int+3}
                  | (Okawaru gifted it to you on level 3 of the Spider Nest)
 26003 | Spider:3 | Received a gift from Okawaru
 26144 | Spider:3 | 26144 ||| Stepping ~*~*~tactically~*~*~ (stealth).
 26294 | Spider:3 | 26294 ||| PLANNING SHOALS:4
 26294 | Spider:3 | 26294 ||| DROPPING ring of see invisible.
 26295 | Spider:3 | 26295 ||| DROPPING ring of magical power.
 26448 | Shoals:4 | Entered Level 4 of the Shoals
 26449 | Shoals:4 | 26449 ||| STAIRDANCE
 26455 | Shoals:4 | 26455 ||| STAIRDANCE
 26457 | Shoals:3 | 26457 ||| INVOKING Heroism.
 26472 | Shoals:4 | 26472 ||| STAIRDANCE
 26486 | Shoals:4 | 26486 ||| STAIRDANCE
 26498 | Shoals:4 | 26498 ||| STAIRDANCE
 26509 | Shoals:4 | 26509 ||| STAIRDANCE
 26521 | Shoals:4 | 26521 ||| INVOKING Heroism.
 26522 | Shoals:4 | Noticed Ilsuiw
 26523 | Shoals:4 | 26523 ||| INVOKING Finesse.
 26590 | Shoals:4 | 26590 ||| INVOKING Finesse.
 26626 | Shoals:4 | Reached skill level 19 in Shields
 26687 | Shoals:4 | 26687 ||| INVOKING Heroism.
 26729 | Shoals:4 | 26729 ||| INVOKING Finesse.
 26765 | Shoals:4 | 26765 ||| INVOKING Finesse.
 26781 | Shoals:4 | Killed Ilsuiw
 26800 | Shoals:4 | 26800 ||| INVOKING Heroism.
 26968 | Shoals:4 | 26968 ||| Stepping ~*~*~tactically~*~*~ (hiding).
 27021 | Shoals:4 | 27021 ||| Stepping ~*~*~tactically~*~*~ (stealth).
 27022 | Shoals:4 | 27022 ||| Stepping ~*~*~tactically~*~*~ (stealth).
 27024 | Shoals:4 | 27024 ||| Stepping ~*~*~tactically~*~*~ (stealth).
 27025 | Shoals:4 | 27025 ||| Stepping ~*~*~tactically~*~*~ (stealth).
 27063 | Shoals:4 | 27063 ||| INVOKING Heroism.
 27064 | Shoals:4 | 27064 ||| INVOKING Finesse.
 27117 | Shoals:4 | Reached XP level 18. HP: 106/122 MP: 21/25
 27134 | Shoals:4 | 27134 ||| DROPPING +2 war axe of flaming.
 27164 | Shoals:4 | 27164 ||| INVOKING Heroism.
 27165 | Shoals:4 | 27165 ||| INVOKING Finesse.
 27200 | Shoals:4 | Received a gift from Okawaru
 27266 | Shoals:4 | Got a barnacled rune of Zot
 27270 | Shoals:4 | 27270 ||| INVOKING Heroism.
 27281 | Shoals:4 | Reached skill level 9 in Throwing
 27294 | Shoals:4 | Identified the +9 short sword "Jome" {elec, *Corrode Str+8
                  | Dex+2 SInv}
 27459 | Shoals:4 | Identified the +4 longbow of the Fifty Orbs {flame, +Blink
                  | Str+3}
 27798 | Shoals:4 | 27798 ||| PLANNING VAULTS:1-4
 28032 | Vaults:1 | Entered Level 1 of the Vaults
 28148 | Vaults:1 | 28148 ||| INVOKING Heroism.
 28151 | Vaults:1 | 28151 ||| Stepping ~*~*~tactically~*~*~ (stealth).
 28170 | Vaults:1 | Received a gift from Okawaru
 28201 | Vaults:1 | HP: 18/123 [vault warden/+0 halberd (49)]
 28202 | Vaults:1 | 28202 ||| READING 7 scrolls of teleportation.
 28202 | Vaults:1 | Demolished by a vault warden

Levels and vault maps discovered:
D:1:      ebering_trefoil_3fold, layout_rooms, ebering_ecumenical_altar_box,
          hangedman_feature_mirror
D:2:      layout_basic, basic_altar, serial_shops,
          nicolae_shop_advertising_works [nicolae_subvault_shop_adworks],
          uniq_crazy_yiuf_cottage
D:3:      layout_basic
D:4:      layout_basic
D:5:      layout_loops_ring, minmay_temple_entry_slanted, uniq_ijyb, uniq_pikel
D:6:      layout_gridville, okawaru_ov_weapons_minmay, nicolae_overflow_squiral,
          nicolae_hexahallways, nicolae_shop_clearance
D:7:      layout_layer_cave, minmay_misc_feat_encased, uniq_menkaure,
          uniq_prince_ribbit1
D:8:      layout_rooms, grunt_lair_entry_orc_guard_hut, serial_shops, shop,
          uniq_maggie
D:9:      layout_loops_ring
D:10:     layout_cave_pools, enter_bailey_5
D:11:     layout_long_grid, orc_david_3, nicolae_wwwww,
          hangedman_abyss_or_decor_slice, uniq_sonja
D:12:     layout_irregular_city
D:13:     layout_irregular_city, ashenzari_conservatory_becter
D:14:     layout_basic, david_vaults_1, gammafunk_ghost_icy, serial_shops, shop,
          minmay_staircase_windowed_small, chequers_serial_rivers_marsh,
          uniq_azrael, uniq_louise
D:15:     grunt_enter_depths_magical_seal, layout_cave_pools,
          maelrawn_ghost_gauntlet_escape, nicolae_twisting_strands
Temple:   compressed_dpeg_triangle_lava_temple
Lair:1:   layout_roguey, portal_ice_cave_entry_pillars_2, nicolae_lair_lil_pond,
          uniq_erica
Lair:2:   layout_big_grid, elwin_shoals_entry_stream
Lair:3:   layout_layer_cave, spider_nest_entry_webs, small_statue_intersection,
          grunt_megastairs_4
Lair:4:   layout_cave_pods, grunt_megastairs_3, serial_bayou_shore_b
Lair:5:   cheibrodos_lair_end_hotspot, layout_cave_shapes, slime_entry_1
Shoals:1: layout_shoals, uniq_josephine, uniq_kirke
Shoals:2: cheibrodos_shoals_baths, layout_shoals, serial_shops,
          nicolae_diamond_shop
Shoals:3: layout_shoals, serial_shops, shop
Shoals:4: shoals_end_simple, layout_shoals, shoals_ilsuiw_ice
Spider:1: layout_cave_pods, ebering_ghost_disaster_area,
          spiders_nest_hornet_nest
Spider:2: layout_cave_pods, ebering_ghost_rock_garden, guppyfry_spider_mini_2
Spider:3: layout_spider_delve
Orc:1:    gammafunk_beogh_shrine, layout_caves, serial_shops,
          nicolae_shop_crystal, uniq_erolcha
Orc:2:    st_orc_rangers, layout_caves, basic_altar, serial_shops,
          shop_fountains, uniq_maurice
Vaults:1: v_misc_32, nicolae_vaults_little_squares_5, hangedman_vaults_hat,
          v_misc_27, v_misc_19, vaults_room_fours, st_cross,
          layout_vaults_omnigrid, serial_shops, shop

Skill      XL: |  1  2  3  4  5  6  7  8  9 10 11 12 13 14 15 16 17 18 |
---------------+-------------------------------------------------------+-----
Axes           | 2 3 5 7 8 9 11 12 13 14 | 14.0
Fighting       | 4 6 7 8 10 12 14 16 17 | 17.0
Dodging        | 2 3 4 |  4.0
Armour         | 4 6 7 8 9 11 12 13 | 13.5
Throwing       | 1 2 3 4 5 6 7 9 |  9.0
Shields        | 4 5 6 7 9 13 17 19 | 19.0
Invocations    | 3 4 7 10 | 10.0

Action                   |  1- 3 |  4- 6 |  7- 9 | 10-12 | 13-15 | 16-18 || total
-------------------------+-------+-------+-------+-------+-------+-------++-------
Melee: War axe           |   117 |   124 |   173 |     8 |     8 |       ||   430
       Hand axe          |       |       |    67 |   445 |  1368 |  1732 ||  3612
Throw: Boomerang         |       |    17 |    39 |     9 |     1 |    29 ||    95
       Javelin           |       |       |    17 |    73 |   128 |    96 ||   314
Invok: Heroism           |       |       |     2 |    24 |    46 |    28 ||   100
       Finesse           |       |       |       |     4 |     9 |    13 ||    26
  Use: Scroll            |       |     8 |     4 |     5 |    10 |     4 ||    31
       Potion            |       |     2 |     2 |       |     7 |     5 ||    16
 Stab: Petrifying        |       |       |       |       |     3 |       ||     3
       Petrified         |       |       |       |       |     3 |       ||     3
       Distracted        |       |       |       |       |     1 |       ||     1
Armor: Scale mail        |    60 |    35 |       |       |       |       ||    95
       Chain mail        |       |    45 |    28 |    85 |   489 |   622 ||  1269
       Plate armour      |       |       |   123 |    22 |    48 |       ||   193
       Skin              |       |       |       |       |     1 |       ||     1
Dodge: Dodged            |    54 |    60 |   101 |   115 |   587 |   485 ||  1402
Block: Buckler           |    29 |    29 |    34 |    46 |   181 |       ||   319
       Tower shield      |       |       |       |       |   450 |  1462 ||  1912

Table legend:
 A = Non-vault XP
 B = Vault XP
 C = Vault XP percentage of total XP
 D = Non-vault monster count
 E = Vault monster count
 F = Vault count percentage of total count
                 A         B        C        D         E       F
            +---------+---------+-------+---------+---------+-------
      Total |  193441 |   72152 |  27.2 |     697 |     204 |  22.6
            +---------+---------+-------+---------+---------+-------
        D:1 |      41 |      13 |  24.1 |      21 |       6 |  22.2
        D:2 |      72 |       0 |   0.0 |      25 |       0 |   0.0
        D:3 |     134 |       0 |   0.0 |       9 |       0 |   0.0
        D:4 |     642 |       0 |   0.0 |      26 |       0 |   0.0
        D:5 |    1263 |     709 |  36.0 |      19 |       2 |   9.5
        D:6 |    1000 |       0 |   0.0 |      24 |       0 |   0.0
        D:7 |     502 |     431 |  46.2 |       7 |       2 |  22.2
        D:8 |    1150 |     826 |  41.8 |      29 |       5 |  14.7
        D:9 |     771 |       0 |   0.0 |       4 |       0 |   0.0
       D:10 |    2800 |       8 |   0.3 |      12 |       4 |  25.0
       D:11 |    3705 |    1041 |  21.9 |      23 |       6 |  20.7
       D:12 |    9372 |       0 |   0.0 |      28 |       0 |   0.0
       D:13 |    5114 |       0 |   0.0 |      15 |       0 |   0.0
       D:14 |    8207 |    6123 |  42.7 |      23 |      11 |  32.4
       D:15 |    9088 |    3835 |  29.7 |      25 |       8 |  24.2
     Lair:1 |    4212 |     818 |  16.3 |      14 |       1 |   6.7
     Lair:2 |    4850 |    1678 |  25.7 |      21 |       4 |  16.0
     Lair:3 |    5818 |    1456 |  20.0 |      17 |       8 |  32.0
     Lair:4 |   10653 |    1296 |  10.8 |      28 |       6 |  17.6
     Lair:5 |    8798 |    6686 |  43.2 |      31 |      25 |  44.6
   Shoals:1 |   16620 |    3914 |  19.1 |      30 |      10 |  25.0
   Shoals:2 |   10335 |    2475 |  19.3 |      20 |       7 |  25.9
   Shoals:3 |   18804 |       0 |   0.0 |      46 |       0 |   0.0
   Shoals:4 |   14062 |   27648 |  66.3 |      29 |      46 |  61.3
   Spider:1 |    9357 |       0 |   0.0 |      27 |       0 |   0.0
   Spider:2 |   15503 |    1383 |   8.2 |      44 |       7 |  13.7
   Spider:3 |   15256 |       0 |   0.0 |      39 |       0 |   0.0
      Orc:1 |    1362 |     861 |  38.7 |      16 |       1 |   5.9
      Orc:2 |    2546 |    5033 |  66.4 |      24 |      37 |  60.7
   Vaults:1 |    1503 |    5918 |  79.7 |       2 |       8 |  80.0
    Abyss:3 |    9901 |       0 |   0.0 |      19 |       0 |   0.0
            +---------+---------+-------+---------+---------+-------
